 Dungeon Crawl Stone Soup version 0.30.0-18-gc0e69614cb (webtiles) character file.

Game seed: 6393520355730002028

2207 JanusIIV the Ruffian (level 9, -1/89 HPs)
             Began as a Troll Fighter on May 23, 2023.
             Was an Initiate of Wu Jian.
             Slain by a yak (12 damage)
             ... on level 8 of the Dungeon.
             The game lasted 00:09:07 (6192 turns).

JanusIIV the Ruffian (Troll Fighter)                Turns: 6192, Time: 00:09:07

Health: -1/89      AC:  4    Str: 26    XL:     9   Next: 13%
Magic:  8/8        EV:  9    Int:  8    God:    Wu Jian [......]
Gold:   477        SH:  9    Dex:  9    Spells: 8/8 levels left

rFire   . .          .
                       - Unarmed
rCold   . . .        b - +0 kite shield
rNeg    . . .        a - +0 robe
rPois   .            (helmet restricted)
rElec   .            t - scarf {repulsion}
rCorr   .            (gloves unavailable)
SInv    .            (boots unavailable)
Will    .....        (no amulet)
Stlth   +            (no ring)
HPRegen 1.14/turn    (no ring)
MPRegen 0.11/turn

%: repel missiles
@: no status effects
A: large, unfitting armour, claws 3, regeneration 1, shaggy fur 1, tough skin 1
a: Renounce Religion


You were on level 8 of the Dungeon.
You worshipped Wu Jian.
Wu Jian was noncommittal.
You visited 2 branches of the dungeon, and saw 9 of its levels.

You collected 477 gold pieces.

Inventory:

Armour
 a - a +0 robe (worn)
 b - a +0 kite shield (worn)
 t - a scarf of repulsion (worn)
 x - a +0 cloak
Jewellery
 B - a ring of fire
 C - a +4 ring of protection
Wands
 w - a wand of charming (11)
 y - a wand of mindburst (11)
 A - a wand of flame (13)
Scrolls
 d - 2 scrolls of enchant weapon {unknown}
 f - 4 scrolls of identify
 g - 2 scrolls of amnesia {unknown}
 i - a scroll of noise {unknown}
 k - a scroll of blinking {unknown}
 m - a scroll of silence {unknown}
 q - 2 scrolls of poison {unknown}
 r - a scroll of vulnerability {unknown}
 s - a scroll of immolation {unknown}
 u - 3 scrolls of enchant armour {unknown}
 v - 5 scrolls of teleportation {unknown}
Potions
 c - a potion of might
 e - a potion of attraction {unknown}
 h - a potion of brilliance {unknown}
 j - 3 potions of mutation
 l - a potion of cancellation {unknown}
 n - a potion of invisibility {unknown}
 p - a potion of lignification
 z - 2 potions of magic {unknown}


   Skills:
 + Level 6.0 Fighting
 + Level 2.6 Dodging
 + Level 6.6 Shields
 * Level 7.9 Unarmed Combat


You had 8 spell levels left.
You didn't know any spells.
Your spell library contained the following spells:

 Spells                   Type           Power      Damage    Failure   Level
 Beastly Appendage        Tmut           0%         N/A       63%         1
 Kiss of Death            Conj/Necr      0%         2d5       63%         1
 Wereblood                Tmut           0%         N/A       77%         2
 Confusing Touch          Hex            0%         N/A       94%         3
 Gell's Gravitas          Tloc           0%         N/A       94%         3
 Ozocubu's Armour         Ice            0%         N/A       94%         3
 Spider Form              Tmut/Pois      0%         N/A       94%         3
 Teleport Other           Tloc           0%         N/A       94%         3
 Dispel Undead            Necr           0%         3d6       100%        4
 Dispersal                Tloc           0%         N/A       100%        6
 Ozocubu's Refrigeration  Ice            0%         4d7       100%        7


Dungeon Overview and Level Annotations

Branches:
Dungeon (8/15)             Temple (1/1) D:7
   Lair: D:8-11

Altars:
Ashenzari
Cheibriados
Dithmenos
Elyvilon
Gozag
Hepliaklqana
Kikubaaqudgha
Makhleb
Okawaru
Qazlal
Ru
Sif Muna
Trog
Uskayaw
Wu Jian
Xom
Zin
The Shining One

Annotations:
D:7 1 runed translucent door


Innate Abilities, Weirdness & Mutations

You are too large for most types of armour.
You have claws for hands.
Your natural rate of healing is unusually fast.
You are covered in fur. (AC +1)
You have tough skin. (AC +1)


Message History

A yak comes into view.
You scratch the steam dragon.
The steam dragon is heavily wounded.
You block the steam dragon's attack. The steam dragon claws you.
Found a robe.
The steam dragon bites you. You block the steam dragon's attack.
A yak comes into view.
The yak bellows!
You scratch the steam dragon.
The steam dragon is heavily wounded.
You are engulfed in a cloud of scalding steam.
The steam dragon breathes steam at you. The ball of steam hits you.
You barely miss the steam dragon.
The steam dragon is heavily wounded.
The steam dragon bites you.
* * * LOW HITPOINT WARNING * * *
The steam dragon barely misses you.
A yak comes into view.
The yak bellows!
The steam dragon breathes steam at you. The ball of steam hits you!
* * * LOW HITPOINT WARNING * * *
You are engulfed in a cloud of scalding steam.
* * * LOW HITPOINT WARNING * * *
Okay, then.
Okay, then.
The yak attacks as you move away! The yak gores you!
* * * LOW HITPOINT WARNING * * *
You are engulfed in a cloud of scalding steam.
* * * LOW HITPOINT WARNING * * *
Unknown command.
It was a potion of curing.
You feel better.
The steam dragon bites you but does no damage.
The steam dragon barely misses you.
A yak comes into view.
You block the yak's attack.
You feel better. The steam dragon bites you!
* * * LOW HITPOINT WARNING * * *
The steam dragon completely misses you. The yak gores you!
You die...

##### ...#
... #.#
#.#+#####
#.§.....#
#<.@.§§.#####
##.YD........
#.Y.........
#)..........
##Y.........
#..........
#Y.........
#.######...
#.# [..


You could see 4 yaks and a steam dragon.

Vanquished Creatures
  Edmund (D:6)
  3 ice beasts (D:7)
  An orc warrior (D:7)
  2 black bears
  An ogre (D:5)
  A phantom (D:6)
  Blork the orc (D:6)
  A gnoll sergeant (D:5)
  3 bullfrogs (D:7)
  3 wights (D:6)
  2 scorpions (D:5)
  2 howler monkeys (D:7)
  2 hounds
  2 orc priests
  2 jellies (D:5)
  4 iguanas
  A sleepcap (D:6)
  5 orc wizards
  4 gnolls (D:5)
  7 adders
  4 shadow imps
  4 white imps
  An ufetubus (D:5)
  5 worms
  4 dart slugs
  17 orcs
  4 bats
  3 endoplasms
  3 giant cockroaches
  10 goblins
  5 hobgoblins
  4 jackals
  2 kobolds
  5 quokkas
  9 ball pythons
  2 frilled lizards
  4 rats
134 creatures vanquished.

Notes
Turn   | Place    | Note
-------+----------+-------------------------------------------
     0 | D:1      | JanusIIV the Troll Fighter began the quest for the Orb.
     0 | D:1      | Reached XP level 1. HP: 22/22 MP: 0/0
   139 | D:1      | Reached XP level 2. HP: 29/29 MP: 1/1
  1036 | D:2      | Reached XP level 3. HP: 36/36 MP: 2/2
  1082 | D:2      | Found a shimmering blue altar of Sif Muna.
  1729 | D:3      | Reached skill level 3 in Unarmed Combat
  1770 | D:3      | Reached XP level 4. HP: 45/45 MP: 3/3
  1961 | D:3      | Found a broken altar of Ashenzari.
  2041 | D:3      | Reached XP level 5. HP: 46/53 MP: 4/4
  2715 | D:4      | Found a sacrificial altar of Ru.
  2872 | D:4      | Noticed a black bear
  2877 | D:4      | Killed a black bear
  2878 | D:4      | Reached skill level 4 in Unarmed Combat
  2878 | D:4      | Reached XP level 6. HP: 58/62 MP: 5/5
  3425 | D:5      | Entered Level 5 of the Dungeon
  3572 | D:5      | Found an opulent altar of Gozag.
  3817 | D:5      | Reached XP level 7. HP: 49/70 MP: 6/6
  4075 | D:5      | Reached skill level 5 in Shields
  4075 | D:5      | Reached skill level 5 in Unarmed Combat
  4564 | D:6      | Noticed Blork the orc
  4579 | D:6      | Killed Blork the orc
  4608 | D:6      | Reached skill level 5 in Fighting
  4608 | D:6      | Reached XP level 8. HP: 80/80 MP: 7/7
  4699 | D:6      | Reached skill level 6 in Unarmed Combat
  4857 | D:6      | Noticed Edmund
  4869 | D:6      | Killed Edmund
  5234 | D:7      | Found a runed translucent door.
  5234 | D:7      | Noticed a sixfirhy
  5265 | D:7      | Reached skill level 7 in Unarmed Combat
  5266 | D:7      | Found an ancient bone altar of Kikubaaqudgha.
  5342 | D:7      | Found a hazy altar of Hepliaklqana.
  5343 | D:7      | Found a shimmering altar of Xom.
  5344 | D:7      | Noticed a spectral ugly thing
  5344 | D:7      | Noticed a cyan ugly thing
  5577 | D:7      | Reached XP level 9. HP: 82/89 MP: 8/8
  5592 | D:7      | Found a staircase to the Ecumenical Temple.
  5601 | Temple   | Entered the Ecumenical Temple
  5610 | Temple   | Became a worshipper of the Wu Jian Council
  6190 | D:8      | HP: 4/89 [yak (9)]
  6192 | D:8      | Slain by a yak

Illustrated notes

Levels and vault maps discovered:
D:1:      lightli_arrival_lavapool, layout_basic
D:2:      layout_basic, basic_altar, nicolae_wormholes
D:3:      layout_loops_ring, nicolae_ashenzari_skybound, minivault_19,
          grunt_ministairs_8
D:4:      layout_basic, mainiacjoe_overflow_small_starburst
D:5:      layout_loops_ring, nicolae_gozag_seed_capital, kennysheep_cross_room,
          eino_small_chamber_without_monster, minmay_stone_trees_small,
          small_statue_intersection
D:6:      layout_rooms, roderic_roman_lattice, nicolae_underground_beach,
          uniq_blork_the_orc, uniq_edmund
D:7:      cheibrodos_shockbox, layout_basic, regret_index_temple_of_mockery,
          old_standard_altar, minmay_temple_entry_wispy
D:8:      layout_basic, mainiacjoe_overflow_catch_the_wave,
          minmay_diamond_spiral
Temple:   hellmonk_temple_two_chambers

Skill      XL: |  1  2  3  4  5  6  7  8  9 |
---------------+----------------------------+-----
Shields        | 3 4 5 6 |  6.6
Fighting       | 3 4 5 6 |  6.0
Unarmed Combat | 3 4 5 7 |  7.9
Dodging        | |  2.6

Action                     |  1- 3 |  4- 6 |  7- 9 || total
---------------------------+-------+-------+-------++-------
  Melee: Unarmed           |    90 |   180 |   211 ||   481
Ability: Lunge             |       |       |     2 ||     2
  Evoke: Wand              |       |       |     4 ||     4
    Use: Potion            |       |       |     3 ||     3
         Scroll            |       |       |     1 ||     1
   Stab: Sleeping          |     1 |       |       ||     1
 Armour: Robe              |    23 |    32 |    21 ||    76
  Dodge: Dodged            |    13 |    56 |    64 ||   133
         Repelled          |       |     3 |     4 ||     7
  Block: Kite shield       |    30 |    46 |    68 ||   144
